 Dungeon Crawl Stone Soup version 0.31.0-11-ge490571c62 (webtiles) character file.

Game seed: 5703132748593170074

158350 firemarshallily the Warrior (level 17, -8/155 HPs)
             Began as a Demonspawn Gladiator on Feb 4, 2024.
             Was an Initiate of Gozag.
             Killed from afar by Mara (illusionary) (39 damage)
             ... with a bolt of fire
             ... on level 4 of the Swamp.
             The game lasted 02:30:15 (36574 turns).

firemarshallily the Warrior (Demonspawn Gladiator) Turns: 36574, Time: 02:30:16

Health: -8/155     AC: 18    Str: 19    XL:     17   Next: 14%
Magic:  0/29       EV: 24    Int: 15    God:    Gozag
Gold:   7456       SH: 15    Dex: 26    Spells: 22/33 levels left

rFire   . . .        Z - +8 demon blade (vamp)
rCold   + . .        W - +3 buckler {rC+}
rNeg    + . .        f - +4 Cigotuvi's embrace {Corpsefed rMiasma ^Drain rN+}
rPois   .            c - +2 helmet
rElec   .            (cloak unavailable)
rCorr   .            b - +2 pair of gloves
SInv    .            I - +2 pair of boots
Will    ++...        t - amulet of reflection
Stlth   ++           C - ring of willpower
HPRegen 0.45/turn    D - +6 ring of dexterity
MPRegen 0.42/turn

%: reflection, guardian spirit, wizardry (x1)
@: studying Air Magic
A: foul stench 2, magic shield, magic regeneration, big brain 3, bedeviling,
weakness stinger 3, hooves 1, strong 1
a: Renounce Religion, Potion Petition, Call Merchant, Bribe Branch


You were on level 4 of the Swamp.
You worshipped Gozag.
Gozag was greatly pleased with you.
You visited 4 branches of the dungeon, and saw 26 of its levels.
You also visited: Ossuary, Bailey, Ice Cave and Volcano.

You collected 11497 gold pieces.
You spent 3673 gold pieces at shops.
You paid 368 gold pieces to Gozag.

Inventory:

Hand Weapons
 z - the +8 long sword "Dilaf" {protect, rElec Will+ Dex+3}
   (You found it on level 2 of the Swamp)

   Dex+3:     It affects your dexterity (+3).
   rElec:     It insulates you from electricity.
   Will+:     It increases your willpower.
 B - the +7 Throatcutter {drain, coup de grace}
   (You found it on level 3 of the Dungeon)
 J - the +4 great sword "Dountaal" {freeze, rF- Str+4}
   (You found it on level 1 of the Swamp)

   Str+4:     It affects your strength (+4).
   rF-:       It makes you vulnerable to fire.
 Z - a +8 vampiric demon blade (weapon)
Missiles
 d - 11 throwing nets
 p - 6 poisoned darts (quivered)
 A - 8 javelins
 F - 22 boomerangs
Armour
 b - a +2 pair of gloves (worn)
 c - a +2 helmet (worn)
 f - the +4 Cigotuvi's embrace (worn) {Corpsefed rMiasma ^Drain rN+}
   (You found it on level 9 of the Dungeon)

   Corpsefed: It gathers nearby corpses to temporarily increase the armour it
   provides.
   rMiasma:   It protects you from foul pestilence.
   rN+:       It protects you from negative energy.
   ^Drain:    It drains your maximum health when unequipped.
 I - a +2 pair of boots (worn)
 S - a +0 helmet of intelligence
 W - a +3 buckler of cold resistance (worn)
 Y - a +2 hat of stealth
Jewellery
 s - a ring of poison resistance
 t - an amulet of reflection (around neck)
 w - a ring of protection from fire
 x - a +4 ring of protection
 C - a ring of willpower (left hand)
 D - a +6 ring of dexterity (right hand)
 E - a ring of see invisible
 U - a ring of protection from cold
Wands
 u - a wand of acid (3)
 y - a wand of digging (9)
 L - a wand of charming (14)
 P - a wand of iceblast (8)
Scrolls
 h - 5 scrolls of torment
 i - 7 scrolls of immolation
 j - a scroll of revelation
 k - 4 scrolls of vulnerability
 o - 15 scrolls of teleportation
 v - 3 scrolls of amnesia
 H - 4 scrolls of fear
 N - a scroll of summoning
 O - a scroll of brand weapon
 Q - 5 scrolls of poison
 R - 5 scrolls of fog
Potions
 a - a potion of invisibility
 g - 6 potions of lignification
 l - 7 potions of brilliance
 m - 7 potions of enlightenment
 n - 6 potions of resistance
 q - 2 potions of berserk rage
 r - 4 potions of cancellation
 G - 2 potions of attraction
 K - a potion of ambrosia
 M - 3 potions of curing
 V - a potion of haste
 X - 7 potions of might


   Skills:
 * Level 20.2 Fighting
 - Level 14.0 Long Blades
 - Level 1.7 Throwing
 - Level 7.5 Armour
 + Level 13.2 Dodging
 - Level 5.0 Shields
 + Level 8.5 Spellcasting
 - Level 0.5 Conjurations
 + Level 3.1 Air Magic


You had 22 spell levels left.
You knew the following spells:

 Your Spells              Type           Power      Damage    Failure   Level
a - Passwall              Erth           6%         N/A       19%         3
b - Swiftness             Air            15%        N/A       5%          3
c - Silence               Hex/Air        8%         N/A       65%         5

Your spell library contained the following spells:

 Spells                   Type           Power      Damage    Failure   Level
 Magic Dart               Conj           32%        1d4       5%          1
 Kiss of Death            Conj/Necr      28%        2d7       6%          1
 Call Imp                 Summ           12%        N/A       10%         2
 Ensorcelled Hibernation  Hex/Ice        18%        N/A       10%         2
 Scorch                   Fire           12%        2d5       10%         2
 Sublimation of Blood     Necr           6%         N/A       10%         2
 Stone Arrow              Conj/Erth      14%        3d7       17%         3
 Confusing Touch          Hex            9%         N/A       19%         3
 Fugue of the Fallen      Necr           6%         N/A       19%         3
 Vhi's Electric Charge    Tloc/Air       22%        N/A       32%         4
 Flame Wave               Conj/Fire      7%         2d5       47%         4
 Anguish                  Hex/Necr       4%         N/A       52%         4
 Animate Armour           Summ/Erth      12%        N/A       52%         4
 Dispel Undead            Necr           6%         3d8       52%         4
 Olgreb's Toxic Radiance  Alch           6%         N/A       52%         4
 Passage of Golubria      Tloc           6%         N/A       52%         4
 Summon Blazeheart Golem  Fire/Summ      6%         N/A       52%         4
 Arcjolt                  Conj/Air       5%         1d15      61%         5
 Metabolic Englaciation   Hex/Ice        4%         N/A       85%         5
 Plasma Beam              Fire/Air       5%         2x1d16    99%         6
 Dispersal                Tloc           3%         N/A       100%        6
 Summon Cactus Giant      Summ           3%         N/A       100%        6
 Orb of Destruction       Conj           4%         9d5       100%        7
 Ozocubu's Refrigeration  Ice            3%         4d8       100%        7
 Spellforged Servitor     Conj/Summ      3%         N/A       100%        7
 Summon Hydra             Summ           3%         N/A       100%        7
 Discord                  Hex            4%         N/A       100%        8
 Lehudib's Crystal Spear  Conj/Erth      3%         10d3      100%        8
 Polar Vortex             Ice            3%         N/A       100%        9


Dungeon Overview and Level Annotations

Branches:
Dungeon (15/15)            Temple (0/1) D:6            Lair (5/5) D:9
  Swamp (4/4) Lair:2       Spider (0/4) Lair:2        Slime (0/5) Lair:4
    Orc (2/2) D:12            Elf (0/3) Orc:2        Vaults (0/5) D:13
 Depths (0/4) D:15        Ossuary (visited)          Bailey (visited)
  IceCv (visited)         Volcano (visited)

Altars:
Ashenzari
Fedhas
Gozag
Kikubaaqudgha
Okawaru
Ru

Shops:
D:5 *   D:13 !   Orc:1 ??=   Orc:2 ?(=*

Annotations:
D:1 1 transporter
D:14 Neisk's ghost, journeyman SpWn
Swamp:4 Mara


Innate Abilities, Weirdness & Mutations

You sometimes emit foul miasma when damaged in melee.
When hurt, damage is shared between your health and your magic reserves.
You regenerate magic rapidly.
You have an absolutely massive brain. (Int +6, Wiz)
Your hexes are more powerful.
You have a sharp stinger which inflicts weakening toxins.
You have large cloven feet.
Your muscles are strong. (Str +4, Int/Dex -1)


Message History

You slash Mara!
Mara is almost dead.
You block Mara's attack. Firemarshallily's illusion hits you!
You closely miss Mara.
Mara is almost dead.
Mara blinks!
Firemarshallily's illusion completely misses you.
You slash firemarshallily's illusion!
Firemarshallily's illusion is lightly wounded.
Firemarshallily's illusion hits you but does no damage.
Firemarshallily's illusion hits you!
Mara weaves an illusion.
Mara shimmers and seems to become three!
You block Mara's attack.
Firemarshallily's illusion attacks as it pursues you!
Firemarshallily's illusion completely misses you.
Mara gestures at you. The bolt of fire hits you!!
Throw: 7 darts (poison)
Press: ? - help, Q - select action, (/) - cycle Shift-Dir - straight line, f - Mara
Aim: Mara, wielding a +6 demon trident of freezing and wearing a +0 robe (almost dead, weak, 62% to hit)
You throw a poisoned dart. The poisoned dart hits Mara.
Mara is almost dead.
You hear a splash.
Firemarshallily's illusion hits you!
Mara blinks!
You enter the shallow water.
Moving in this stuff is going to be slow.
Mara gestures at you. The bolt of fire hits you!!!
Firemarshallily's illusion hits you!
* * * LOW HITPOINT WARNING * * *
Mara blinks!
You closely miss Mara.
Mara is almost dead.
Mara misses you.
Mara splashes around in the water.
Firemarshallily's illusion hits you!
* * * LOW HITPOINT WARNING * * *
Mara gestures at you. The bolt of fire hits you!!!
You die...
Your body crumbles into a pile of gold.

..~~~. .~~~~
♣♣♣♣♣♣♣♣ .~.§§~
♣.~~~~~♣
~~.~~~♣♣~~~~~.♣
♣~~.♣..~~§(~♣
~~ ♣~~...~~§§~♣
.~~♣~.~<.♣§~~♣
♣(~§♣~~......♣
##~~.~~§@...♣♣
#..~~R§@...~♣
♣~.~~R§....♣♣
♣~~~~§§§(.~♣♣
~~§..~§~.(♣♣
~..~.R.~~.♣
...~.~§~~~.
..♣.~..~~~~♣
♣♣~~~..)..♣♣


You could see 3 Maras and firemarshallily's illusion (swift).

Vanquished Creatures
  Nikola (Swamp:1)
  A tentacled monstrosity (Swamp:1)
  Jorgrun (Orc:2)
  Rupert (Lair:3)
  A thorn hunter (Swamp:2)
  3 azure jellies (IceCv)
  A rockslime (IceCv)
  An orc warlord (Orc:2)
  A very ugly thing (Swamp:2)
  4 quicksilver oozes (IceCv)
  Nessos (D:14)
  5 eleionomae
  3 red draconians (Volcano)
  4 bunyips
  2 ettins
  Josephine (D:14)
  Harold (Lair:1)
  A great orb of eyes (D:15)
  A yaktaur captain (D:14)
  An entropy weaver (shapeshifter) (D:13)
  Erolcha (Orc:2)
  An alligator (shapeshifter) (D:14)
  A sphinx zombie (D:9)
  7 hydras
  2 alligators (Swamp:1)
  13 centaur warriors
  A vault guard (D:13)
  3 boulder beetles
  5 two-headed ogres
  2 catoblepae
  4 death yaks (Lair:4)
  A tengu warrior (D:13)
  An orc high priest (Orc:1)
  A hell hog (Lair:5)
  Nergalle (D:11)
  The ghost of Esekla the Covert, a novice OpWn of Vehumet (Lair:1)
  A fire crab (Lair:5)
  A goliath frog (Swamp:4)
  2 skysharks (Lair:4)
  A mana viper (shapeshifter) (D:15)
  A swamp dragon (Swamp:2)
  5 bog bodies
  2 orange crystal statues (IceCv)
  2 lindwurms
  A wolf spider zombie (D:9)
  7 orc knights
  Pikel (D:4)
  2 orc sorcerers
  A wolf spider (Lair:5)
  39 ugly things
  3 deep elf pyromancers
  7 cyclopes
  A will-o-the-wisp (Swamp:1)
  3 meliai (D:15)
  3 manticores
  5 black mambas
  5 elephants (Lair:5)
  4 kobold blastminers
  3 gargoyles
  5 centaur skeletons (D:9)
  2 unseen horrors (D:11)
  5 orange demons (Orc:1)
  9 cane toads
  An unseen horror zombie (D:9)
  13 komodo dragons
  4 yaktaurs (Volcano)
  5 rime drakes
  A tengu conjurer (D:13)
  Psyche (D:11)
  9 polar bears (Lair:5)
  9 tyrant leeches
  3 hellwings (D:9)
  2 bloated husks
  2 hornets
  Grinder (D:5)
  8 trolls
  A dream sheep (Lair:5)
  12 blink frogs
  4 raiju (Lair:5)
  Sigmund (D:5)
  2 jumping spiders (Lair:2)
  2 shadows (D:11)
  6 wraiths
  44 slime creatures
  2 vampires
  15 spriggans
  6 wyverns
  8 basilisks
  Eustachio (D:6)
  32 yaks
  10 vampire mosquitoes
  A redback (Lair:2)
  A neqoxec (D:14)
  4 steam dragons
  7 wargs
  10 swamp worms
  A swamp worm (shapeshifter) (D:13)
  5 acid dragons
  A great orb of eyes simulacrum (IceCv)
  19 water moccasins
  13 hell hounds (Lair:5)
  2 swamp drakes
  29 orc warriors
  An ice beast (shapeshifter) (D:14)
  A sky beast (D:8)
  12 black bears
  19 wolves (Lair:5)
  5 laughing skulls (D:14)
  12 ogres
  16 centaurs
  4 slime creature simulacra (IceCv)
  2 phantoms (D:5)
  4 kobold brigands
  Blork the orc (D:4)
  2 elf zombies (Ossuary)
  13 bullfrogs
  2 gnoll sergeants
  15 jellies
  6 scorpions
  10 glowing shapeshifter simulacra (IceCv)
  9 wights
  27 killer bees
  8 electric eels
  2 howler monkeys
  3 bombardier beetles
  3 centaur zombies
  2 human zombies (Ossuary)
  A quasit (D:14)
  10 orc priests
  5 hounds
  3 gnoll boudas
  2 sleepcaps
  6 iguanas
  24 orc wizards
  6 hound zombies (Ossuary)
  2 mummies (Ossuary)
  A howler monkey zombie (D:9)
  22 gnolls
  5 adders
  3 white imps
  2 ufetubi (D:6)
  8 adder zombies (Ossuary)
  2 dart slugs
  3 ribbon worms (D:2)
  78 orcs
  5 endoplasms
  3 giant cockroaches
  15 goblins
  10 hobgoblins
  12 jackals
  4 quokkas
  7 ball pythons
  12 bats
  3 frilled lizards
  5 gnoll zombies (Ossuary)
  4 jackal zombies (Ossuary)
  27 kobolds
  7 kobold zombies (Ossuary)
  2 orc zombies (Ossuary)
  3 rats
  A butterfly (Lair:3)
981 creatures vanquished.

Vanquished Creatures (others)
  A will-o-the-wisp (Swamp:3)
  3 bloated husks
  A shadow (D:11)
  30 foxfires
35 creatures vanquished.

Grand Total: 1016 creatures vanquished

Notes
Turn   | Place    | Note
-------+----------+-------------------------------------------
     0 | D:1      | firemarshallily the Demonspawn Gladiator began the quest
                  | for the Orb.
     0 | D:1      | Reached XP level 1. HP: 16/16 MP: 1/1
   145 | D:1      | Gained mutation: You have a small tail. [demonic ancestry]
   145 | D:1      | Reached XP level 2. HP: 20/22 MP: 2/2
   459 | D:1      | Reached XP level 3. HP: 28/28 MP: 3/3
   947 | D:2      | Reached skill level 3 in Fighting
  1119 | D:2      | Gained mutation: You regenerate magic rapidly. [demonic
                  | ancestry]
  1119 | D:2      | Reached XP level 4. HP: 30/35 MP: 4/4
  1472 | D:3      | Found a faded altar of an unknown god.
  1477 | D:3      | Prayed at the altar of an unknown god.
  1477 | D:3      | Became a worshipper of Gozag Ym Sagoz the Greedy
  1721 | D:3      | Found the +7 Throatcutter {drain, coup de grace}
  1721 | D:3      | Noticed a kobold brigand
  1736 | D:3      | Killed a kobold brigand
  1737 | D:3      | Gained mutation: When hurt, damage is shared between your
                  | health and your magic reserves. [demonic ancestry]
  1737 | D:3      | Reached XP level 5. HP: 28/42 MP: 5/5
  2326 | D:4      | Noticed Blork the orc
  2329 | D:4      | Reached skill level 4 in Fighting
  2330 | D:4      | Killed Blork the orc
  2331 | D:4      | Reached skill level 1 in Armour
  2331 | D:4      | Gained mutation: You have a tail ending in a sharp stinger.
                  | [demonic ancestry]
  2331 | D:4      | Reached XP level 6. HP: 46/48 MP: 7/7
  2457 | D:4      | Noticed Pikel
  2673 | D:4      | Killed Pikel
  2674 | D:4      | Reached skill level 5 in Fighting
  2674 | D:4      | Reached skill level 5 in Long Blades
  2674 | D:4      | Gained mutation: You may rarely emit foul miasma when
                  | damaged in melee. [demonic ancestry]
  2674 | D:4      | Reached XP level 7. HP: 56/56 MP: 8/8
  3043 | D:5      | Entered Level 5 of the Dungeon
  3171 | D:5      | Noticed Grinder
  3175 | D:5      | Paralysed by Grinder for 4 turns
  3185 | D:5      | Gained mutation: You have an unusually large brain. (Int
                  | +2) [demonic ancestry]
  3185 | D:5      | Reached XP level 8. HP: 52/64 MP: 9/9
  3188 | D:5      | Killed Grinder
  3189 | D:5      | Reached skill level 6 in Fighting
  3388 | D:5      | Identified the +0 leather armour of Philately {rC- Will+
                  | rCorr}
  3628 | D:5      | You fall into a shaft and drop 1 floor!
  3744 | D:6      | Found a staircase to the Ecumenical Temple.
  3751 | D:6      | Reached skill level 7 in Fighting
  3778 | D:6      | Reached skill level 5 in Dodging
  3863 | D:6      | Reached XP level 9. HP: 71/72 MP: 10/10
  3944 | D:6      | Found a blossoming altar of Fedhas.
  3963 | D:6      | Noticed Eustachio
  3972 | D:6      | Killed Eustachio
  4032 | D:6      | Identified the +7 falchion of Ajesch {drain, rPois}
  4285 | D:5      | Found a sacrificial altar of Ru.
  4316 | D:5      | Found an ancient bone altar of Kikubaaqudgha.
  4418 | D:5      | Found Heuma's CLEARANCE SALE!.
  4424 | D:5      | Bought the Spellbook of Striking and Portals for 54 gold
                  | pieces
  4424 | D:5      | Bought 5 boomerangs for 30 gold pieces
  4424 | D:5      | Bought a book of Armaments for 108 gold pieces
  4424 | D:5      | Bought a potion of mutation for 24 gold pieces
  4692 | D:5      | Noticed Sigmund
  4695 | D:5      | Found a broken altar of Ashenzari.
  4699 | D:5      | Killed Sigmund
  4700 | D:5      | Reached skill level 8 in Fighting
  4702 | D:5      | Saw a vision of the Swamp and the Spider Nest.
  4702 | D:5      | Noticed a tyrant leech
  4702 | D:5      | Noticed a spark wasp
  4702 | D:5      | Noticed a goliath frog
  4702 | D:5      | Noticed a wolf spider
  4702 | D:5      | Noticed a demonic crawler
  4702 | D:5      | Noticed a spriggan druid
  4702 | D:5      | Noticed a demonic crawler
  4702 | D:5      | Noticed a torpor snail
  4706 | D:5      | Noticed a steelbarb worm
  4783 | D:5      | Identified the +2 war axe of Wukhlih {holy, rN+}
  5465 | D:7      | Found a sand-covered staircase.
  5470 | Ossuary  | Entered an ossuary
  5600 | Ossuary  | Reached skill level 5 in Armour
  5946 | D:7      | Gained mutation: You have an extremely huge brain. (Int +4)
                  | [demonic ancestry]
  5946 | D:7      | Reached XP level 10. HP: 51/80 MP: 11/11
  7217 | D:8      | Reached skill level 9 in Fighting
  7968 | D:9      | Reached skill level 1 in Spellcasting
  7991 | D:9      | HP: 3/85 [sphinx zombie (4)]
  8240 | D:9      | Reached skill level 10 in Fighting
  8289 | D:9      | Reached XP level 11. HP: 40/92 MP: 10/14
  8393 | D:9      | Found the +4 Cigotuvi's embrace {Corpsefed rMiasma ^Drain
                  | rN+}
  8465 | D:9      | Found a flagged portal.
  8474 | Bailey   | Entered a bailey
  8742 | Bailey   | Reached skill level 10 in Long Blades
  8950 | Bailey   | Noticed a two-headed ogre
  8958 | Bailey   | Killed a two-headed ogre
  9125 | D:9      | Reached skill level 11 in Fighting
  9667 | D:9      | Found an iron altar of Okawaru.
  9811 | D:9      | Found a staircase to the Lair.
 10038 | D:10     | Entered Level 10 of the Dungeon
 11068 | D:11     | Noticed a two-headed ogre
 11076 | D:11     | Killed a two-headed ogre
 11264 | D:11     | Found an ancient bone altar of Kikubaaqudgha.
 11267 | D:11     | Noticed Psyche
 11272 | D:11     | Noticed a brown ugly thing
 11282 | D:11     | Killed Psyche
 11304 | D:11     | Gained mutation: You have an absolutely massive brain. (Int
                  | +6, Wiz) [demonic ancestry]
 11304 | D:11     | Reached XP level 12. HP: 68/102 MP: 13/18
 11518 | D:11     | Reached skill level 12 in Fighting
 11852 | D:11     | Noticed a two-headed ogre
 11868 | D:11     | Killed a two-headed ogre
 12057 | D:11     | Noticed Nergalle
 12073 | D:11     | Killed Nergalle
 12074 | D:11     | Reached skill level 5 in Spellcasting
 12526 | Lair:1   | Entered Level 1 of the Lair of Beasts
 12879 | Lair:1   | Found a runed translucent door.
 12888 | Lair:1   | Noticed Esekla's ghost (novice OpWn)
 13007 | Lair:1   | Reached skill level 13 in Fighting
 13226 | Lair:1   | Noticed Harold
 13264 | Lair:1   | Killed Harold
 13316 | Lair:1   | Noticed a catoblepas
 13326 | Lair:1   | Killed a catoblepas
 13858 | Lair:2   | Gained mutation: You sometimes emit foul miasma when
                  | damaged in melee. [demonic ancestry]
 13858 | Lair:2   | Reached XP level 13. HP: 107/111 MP: 20/20
 14137 | Lair:2   | Found a hole to the Spider Nest.
 14909 | Lair:2   | Found a staircase to the Swamp.
 15112 | Lair:2   | Reached skill level 14 in Fighting
 16217 | Lair:3   | Noticed Rupert
 16217 | Lair:3   | Paralysed by Rupert for 5 turns
 16253 | Lair:3   | Killed Rupert
 17136 | Lair:4   | Found a staircase to the Slime Pits.
 17884 | Lair:4   | Reached skill level 15 in Fighting
 18196 | Lair:5   | Entered Level 5 of the Lair of Beasts
 18279 | Lair:5   | Found a dark tunnel.
 18288 | Volcano  | Entered a volcano
 18339 | Volcano  | Reached XP level 14. HP: 53/123 MP: 14/21
 18371 | Volcano  | Found a large runed translucent door.
 18372 | Volcano  | Found a large runed translucent door.
 18553 | Volcano  | Found a large runed translucent door.
 18553 | Volcano  | Found a large runed translucent door.
 18564 | Volcano  | Found a large runed translucent door.
 18573 | Volcano  | Found a large runed translucent door.
 18664 | Volcano  | Found a large runed translucent door.
 18664 | Volcano  | Found a large runed translucent door.
 18952 | Volcano  | Found a large runed translucent door.
 18952 | Volcano  | Found a large runed translucent door.
 18961 | Volcano  | Found a large runed translucent door.
 18961 | Volcano  | Found a large runed translucent door.
 18963 | Volcano  | Found a large runed translucent door.
 18964 | Volcano  | Found a large runed translucent door.
 19037 | Volcano  | Found a large runed translucent door.
 19037 | Volcano  | Found a large runed translucent door.
 19127 | Volcano  | Found a large runed translucent door.
 19127 | Volcano  | Found a large runed translucent door.
 19222 | Lair:5   | Reached skill level 10 in Dodging
 19657 | Lair:5   | Reached skill level 16 in Fighting
 19826 | Lair:5   | Reached skill level 1 in Shields
 22034 | D:12     | Found a broken altar of Ashenzari.
 22255 | D:12     | Found a staircase to the Orcish Mines.
 22269 | D:12     | Reached skill level 17 in Fighting
 22847 | Orc:1    | Entered Level 1 of the Orcish Mines
 22944 | Orc:1    | Reached XP level 15. HP: 80/134 MP: 20/23
 22954 | Orc:1    | Found Jimur's Magic Scroll Emporium.
 23189 | Orc:1    | Found Bumimyfi's Magic Scroll Boutique.
 23236 | Orc:1    | Bought a scroll of torment for 104 gold pieces
 23236 | Orc:1    | Bought a scroll of revelation for 82 gold pieces
 23236 | Orc:1    | Bought a scroll of teleportation for 33 gold pieces
 23236 | Orc:1    | Bought a scroll of teleportation for 33 gold pieces
 23236 | Orc:1    | Bought a scroll of teleportation for 33 gold pieces
 23236 | Orc:1    | Bought a scroll of teleportation for 33 gold pieces
 23236 | Orc:1    | Bought a scroll of fog for 44 gold pieces
 23280 | Orc:1    | Found Osemp's Jewellery Shoppe.
 23610 | Orc:2    | Entered Level 2 of the Orcish Mines
 23610 | Orc:2    | Noticed Erolcha
 23619 | Orc:2    | Killed Erolcha
 24071 | Orc:2    | Noticed Jorgrun
 24092 | Orc:2    | Killed Jorgrun
 24292 | Orc:2    | Found Rofadoj's Antique Weapon Boutique.
 24354 | Orc:2    | Bought a pitted great sword for 287 gold pieces
 24354 | Orc:2    | Identified the +1 great sword of Zefo {holy, Int+3} (You
                  | bought it in a shop on level 2 of the Orcish Mines)
 24366 | Orc:2    | Found a staircase to the Elven Halls.
 24376 | Orc:2    | Found Veifegun's Antique Armour Boutique.
 24490 | Orc:2    | Found Tumacei's Magic Scroll Emporium.
 24494 | Orc:2    | Bought a scroll of poison for 64 gold pieces
 24494 | Orc:2    | Bought a scroll of blinking for 120 gold pieces
 24494 | Orc:2    | Bought a scroll of fog for 64 gold pieces
 24494 | Orc:2    | Bought a scroll of teleportation for 48 gold pieces
 24521 | Orc:2    | Found Gaketeomoth's General Store.
 24544 | Orc:2    | Bought a scroll of enchant armour for 90 gold pieces
 24544 | Orc:2    | Bought a potion of heal wounds for 60 gold pieces
 24544 | Orc:2    | Bought 2 scrolls of teleportation for 72 gold pieces
 24632 | Orc:2    | Reached skill level 5 in Shields
 24913 | Orc:2    | Found Vihoic's Jewellery Shop.
 25099 | Orc:2    | Bought an amulet of reflection for 360 gold pieces
 25285 | Orc:1    | Bought a ring of see invisible for 270 gold pieces
 25285 | Orc:1    | Bought a ring of protection from cold for 450 gold pieces
 25406 | D:13     | Reached skill level 18 in Fighting
 25538 | D:13     | Learned a level 3 spell: Passwall
 25542 | D:13     | Learned a level 3 spell: Swiftness
 25672 | D:13     | Found a gate to the Vaults.
 25725 | D:13     | Found Hoffyack's Distillery.
 25807 | D:13     | Bought a potion of haste for 170 gold pieces
 25807 | D:13     | Bought a potion of lignification for 51 gold pieces
 25807 | D:13     | Bought a potion of lignification for 51 gold pieces
 25807 | D:13     | Bought a potion of mutation for 136 gold pieces
 25807 | D:13     | Bought a potion of might for 68 gold pieces
 25807 | D:13     | Bought a potion of might for 68 gold pieces
 25807 | D:13     | Bought a potion of curing for 51 gold pieces
 25807 | D:13     | Bought a potion of invisibility for 136 gold pieces
 25807 | D:13     | Bought 2 potions of lignification for 102 gold pieces
 25807 | D:13     | Bought a potion of cancellation for 136 gold pieces
 25807 | D:13     | Bought a potion of cancellation for 136 gold pieces
 26412 | D:14     | Noticed Josephine
 26425 | D:14     | Killed Josephine
 26500 | D:14     | Found a runed translucent door.
 26883 | Lair:1   | Killed Esekla's ghost
 27510 | D:14     | Noticed Nessos
 27521 | D:14     | Killed Nessos
 27798 | D:14     | Found a transporter.
 27802 | D:14     | Noticed Neisk's ghost (journeyman SpWn)
 27841 | D:14     | Found a transporter.
 27922 | D:14     | Identified the +10 trident of Turmoil {speed, rElec rN+
                  | MP-9 Stlth+}
 27927 | D:14     | Found a sacrificial altar of Ru.
 28253 | D:14     | Identified the ring of Tiarecios {Fire rN+}
 28306 | D:14     | Gained mutation: You have hidden genetic defects. [a
                  | neqoxec]
 28319 | D:14     | Gained mutation: Your body sometimes deteriorates upon
                  | taking damage. [a neqoxec]
 28618 | D:15     | Entered Level 15 of the Dungeon
 28657 | D:15     | Gained mutation: You have a sharp stinger which inflicts
                  | weakening toxins. [demonic ancestry]
 28657 | D:15     | Reached XP level 16. HP: 145/145 MP: 25/25
 29302 | D:15     | Reached skill level 19 in Fighting
 29340 | D:15     | Gained mutation: Your health recovers twice as slowly from
                  | being drained. [hidden defects]
 29458 | D:15     | Found a staircase to the Depths.
 30149 | Swamp:1  | Entered Level 1 of the Swamp
 30177 | Swamp:1  | Identified the +4 great sword "Dountaal" {freeze, rF-
                  | Str+4}
 30211 | Swamp:1  | Noticed a tentacled monstrosity
 30226 | Swamp:1  | Killed a tentacled monstrosity
 30637 | Swamp:1  | Identified the +1 pair of gloves of Owky Tas {SInv}
 30637 | Swamp:1  | Noticed Nikola
 31273 | Swamp:1  | Killed Nikola
 31277 | Swamp:1  | Gained mutation: You are frail. (-10% HP) [hidden defects]
 31277 | Swamp:1  | Lost mutation: You have hidden genetic defects. [hidden
                  | defects expressed]
 31336 | Swamp:1  | Lost mutation: Your health recovers twice as slowly from
                  | being drained. [potion of mutation]
 31336 | Swamp:1  | Lost mutation: You are frail. (-10% HP) [potion of
                  | mutation]
 31336 | Swamp:1  | Gained mutation: You are resistant to electric shocks.
                  | (rElec) [potion of mutation]
 31336 | Swamp:1  | Gained mutation: You are somewhat resistant to further
                  | mutation. [potion of mutation]
 31336 | Swamp:1  | Gained mutation: Your muscles are strong. (Str +4, Int/Dex
                  | -1) [potion of mutation]
 31337 | Swamp:1  | Lost mutation: Your body sometimes deteriorates upon taking
                  | damage. [potion of mutation]
 31337 | Swamp:1  | Lost mutation: Your muscles are strong. (Str +4, Int/Dex
                  | -1) [potion of mutation]
 31337 | Swamp:1  | Gained mutation: You occasionally lose the ability to read
                  | scrolls when taking damage. [potion of mutation]
 31337 | Swamp:1  | Gained mutation: Your natural rate of healing is unusually
                  | fast. [potion of mutation]
 31338 | Swamp:1  | Lost mutation: Your natural rate of healing is unusually
                  | fast. [potion of mutation]
 31338 | Swamp:1  | Lost mutation: You are resistant to electric shocks.
                  | (rElec) [potion of mutation]
 31339 | Swamp:1  | Lost mutation: You occasionally lose the ability to read
                  | scrolls when taking damage. [potion of mutation]
 31339 | Swamp:1  | Lost mutation: You are somewhat resistant to further
                  | mutation. [potion of mutation]
 31339 | Swamp:1  | Gained mutation: You are agile. (Dex +4, Str/Int -1)
                  | [potion of mutation]
 31339 | Swamp:1  | Gained mutation: You have a pair of small horns on your
                  | head. [potion of mutation]
 31340 | Swamp:1  | Lost mutation: You have a pair of small horns on your head.
                  | [potion of mutation]
 31340 | Swamp:1  | Lost mutation: You are agile. (Dex +4, Str/Int -1) [potion
                  | of mutation]
 31340 | Swamp:1  | Gained mutation: Your magical capacity is low. (-10% MP)
                  | [potion of mutation]
 31340 | Swamp:1  | Gained mutation: You expend magic power (3 MP) to
                  | strengthen your wands. [potion of mutation]
 31341 | Swamp:1  | Lost mutation: You expend magic power (3 MP) to strengthen
                  | your wands. [potion of mutation]
 31341 | Swamp:1  | Lost mutation: Your magical capacity is low. (-10% MP)
                  | [potion of mutation]
 31341 | Swamp:1  | Gained mutation: You have an increased reservoir of magic.
                  | (+10% MP) [potion of mutation]
 31341 | Swamp:1  | Gained mutation: You occasionally lose the ability to drink
                  | potions when taking damage. [potion of mutation]
 31341 | Swamp:1  | Gained mutation: You expend magic power (3 MP) to
                  | strengthen your wands. [potion of mutation]
 31342 | Swamp:1  | Lost mutation: You have an increased reservoir of magic.
                  | (+10% MP) [potion of mutation]
 31342 | Swamp:1  | Lost mutation: You occasionally lose the ability to drink
                  | potions when taking damage. [potion of mutation]
 31342 | Swamp:1  | Lost mutation: You expend magic power (3 MP) to strengthen
                  | your wands. [potion of mutation]
 31342 | Swamp:1  | Gained mutation: You have large cloven feet. [potion of
                  | mutation]
 31342 | Swamp:1  | Gained mutation: Your muscles are strong. (Str +4, Int/Dex
                  | -1) [potion of mutation]
 31717 | Swamp:2  | Found a glacial archway.
 31940 | IceCv    | Entered an ice cave
 32661 | IceCv    | Found a viscous altar of Jiyva.
 32990 | IceCv    | Got the Lessons on Congelation
 32995 | IceCv    | Identified the amulet "Yckal" {Faith Int+3}
 33003 | IceCv    | Identified 2 scrolls of acquirement
 33003 | IceCv    | Acquired 805 gold pieces
 33004 | IceCv    | Acquired a manual of Air Magic
 33234 | Swamp:2  | Reached skill level 20 in Fighting
 33421 | Swamp:2  | Reached skill level 1 in Air Magic
 33470 | Swamp:2  | Identified the +8 long sword "Dilaf" {protect, rElec Will+
                  | Dex+3}
 33799 | Swamp:2  | Noticed a thorn hunter
 33810 | Swamp:2  | Killed a thorn hunter
 33811 | Swamp:2  | Gained mutation: Your hexes are more powerful. [demonic
                  | ancestry]
 33811 | Swamp:2  | Reached XP level 17. HP: 128/155 MP: 25/29
 33877 | Swamp:2  | Learned a level 5 spell: Silence
 35045 | Swamp:4  | Entered Level 4 of the Swamp
 35611 | Swamp:4  | Acquired a +3 demon blade of draining
 36225 | Orc:1    | Bought a scroll of enchant weapon for 105 gold pieces
 36533 | Swamp:4  | Noticed Mara
 36549 | Swamp:4  | Noticed firemarshallily's illusion
 36574 | Swamp:4  | Killed from afar by Mara (illusionary)

Illustrated notes

Levels and vault maps discovered:
D:1:      spicycebolla_arrival_risky_transporter, layout_basic, st_stairs_14,
          chequers_serial_rivers_micro_c, nrook_uturn, minmay_pentomino_t2
D:2:      cheibrodos_greedy_goblins, layout_rooms
D:3:      layout_basic, ebering_ecumenical_altar_hall, minmay_misc_feat_alley,
          minmay_door_square, dilly_guarded_unrand_throatcut
D:4:      layout_gridville, uniq_pikel, uniq_blork_the_orc
D:5:      layout_gridville, mainiacjoe_overflow_two_lobes,
          grunt_ashenzari_visionary [grunt_ashenzari_visionary_swamp,
          grunt_ashenzari_visionary_spider], nicolae_shop_clearance,
          uniq_grinder, uniq_sigmund
D:6:      layout_rooms, lemuel_tele_altar, minmay_temple_entry_water_ring,
          abandoned_shop, uniq_eustachio
D:7:      layout_layer_cave, enter_ossuary_5
D:8:      layout_gridville, chequers_serial_rivers_micro_b,
          kennysheep_small_circle
D:9:      layout_irregular_city, okawaru_gym_becter, lair_entry_dummy,
          enter_bailey_2, serial_undead, serial_undead_a, serial_undead_e,
          serial_undead_e, serial_undead_b, grunt_ministairs_13,
          hellmonk_guarded_unrand_cigotuvi
D:10:     layout_irregular_city
D:11:     kb_forest_paths, layout_basic, minmay_the_grid_square_5x5_3x3_mashed
          [minmay_the_grid_square_5x5_seven,
          minmay_the_grid_square_5x5_sharp_hourglass,
          minmay_the_grid_square_5x5_gyroscope,
          minmay_the_grid_square_5x5_shrine1,
          minmay_the_grid_square_5x5_megaprize_hollow,
          minmay_the_grid_square_5x5_six, minmay_the_grid_square_5x5_hourglass,
          minmay_the_grid_square_5x5_checkered, minmay_the_grid_square_5x5_z],
          uniq_psyche, uniq_nergalle
D:12:     layout_cave_pools, erik_orc_1, evilmike_ruin_ashenzari
D:13:     layout_cave_pools, david_vaults_4, serial_shops, shop
D:14:     minmay_spotlight, layout_small_grid, nicolae_ru_the_path_less_chosen,
          gammafunk_ghost_stat_death, minivault_13, uniq_nessos, uniq_josephine
D:15:     gammafunk_enter_depths_forms, layout_gridville
Lair:1:   layout_regular_city, hellmonk_ghost_happy_afterlife,
          chequers_serial_rivers_small_b, hangedman_lair_unloving_vines,
          uniq_harold
Lair:2:   layout_hall_layers, nicolae_swamp_entry_splash_gauntlet,
          spider_nest_entry_a, lemuel_fruit_tree, grunt_megastairs_5,
          serial_bayou_shore_b, infiniplex_staircase_pool
Lair:3:   layout_regular_city, serial_bayou_lake_a, lemuel_fruit_fields,
          uniq_rupert
Lair:4:   layout_gridlike, minmay_slime_entry_jelly_boxes, roderic_batcave
Lair:5:   hangedman_lair_caniforms_friends, layout_long_grid,
          nicolae_volcano_entry_vermiform, grunt_megastairs_2,
          infiniplex_staircase_pool_2
Swamp:1:  layout_basic_swamp, evilmike_swamp_ruin_house_4, uniq_nikola
Swamp:2:  layout_basic_swamp, portal_ice_cave_entry_ugly_swarm,
          nicolae_swamp_triple_paths
Swamp:3:  layout_falls_marsh, evilmike_swamp_ruin_rubble_1
Swamp:4:  swamp_alternative, layout_basic_swamp, swamp_pool_1_2,
          nicolae_swamp_fairy_circle, uniq_mara
Orc:1:    layout_diamond_mine, serial_shops, nicolae_shop_hallway_plus,
          shop_coins, nicolae_lakefront_shop, einodemon_barbed_minivault
Orc:2:    grunt_orc_gardens, layout_caves, grunt_orc_garden, grunt_orc_garden,
          grunt_orc_garden, grunt_orc_garden, serial_shops,
          nicolae_shop_pleasant_corner_grove, uniq_erolcha, uniq_jorgrun

Skill      XL: |  1  2  3  4  5  6  7  8  9 10 11 12 13 14 15 16 17 |
---------------+----------------------------------------------------+-----
Long Blades    | 3 4 5 6 8 9 11 12 14 | 14.0
Dodging        | 3 4 5 6 7 9 11 12 13 | 13.2
Fighting       | 3 4 5 7 8 10 11 13 15 17 18 20 | 20.2
Armour         | 1 2 3 5 6 7 |  7.5
Spellcasting   | 2 4 5 6 8 |  8.5
Shields        | 3 5 |  5.0
Air Magic      | 2 3 |  3.1
Throwing       | |  1.7
Conjurations   | |  0.5

Action                     |  1- 3 |  4- 6 |  7- 9 | 10-12 | 13-15 | 16-18 || total
---------------------------+-------+-------+-------+-------+-------+-------++-------
  Melee: Long sword        |   112 |    50 |   254 |   548 |  1338 |   685 ||  2987
         Tailslap          |    13 |     5 |    29 |    98 |   259 |   156 ||   560
         Falchion          |    27 |    32 |       |       |       |       ||    59
         Punch             |     1 |     1 |     2 |     2 |     5 |       ||    11
         Demon blade       |       |       |       |       |       |    21 ||    21
  Throw: Javelin           |       |     1 |       |     7 |     1 |     2 ||    11
         Dart              |       |       |     7 |    43 |   101 |    51 ||   202
         Boomerang         |       |       |       |     4 |     3 |     6 ||    13
 Invoke: Potion Petition   |       |       |       |     1 |       |       ||     1
  Evoke: Wand              |       |     8 |    10 |       |     5 |     8 ||    31
    Use: Scroll            |       |     2 |    13 |    11 |    13 |    14 ||    53
         Potion            |       |     1 |     4 |     5 |     9 |    17 ||    36
   Stab: Sleeping          |     2 |       |     2 |     4 |     3 |     1 ||    12
         Distracted        |       |       |     1 |     3 |    11 |     3 ||    18
         Invisible         |       |       |       |       |     1 |       ||     1
 Armour: Leather armour    |    76 |    44 |   123 |   324 |   707 |   329 ||  1603
         Skin              |       |       |       |    47 |       |    46 ||    93
  Dodge: Dodged            |   102 |    53 |   198 |   417 |  1088 |   370 ||  2228
  Block: Buckler           |       |       |       |       |   394 |   374 ||   768
         Reflection        |       |       |       |       |    23 |     5 ||    28
